 Dungeon Crawl Stone Soup version 0.31.0-9-g3a7656b989 (webtiles) character file.

Game seed: 12492810260181618025

2486 HakonGodeson the Chopper (level 9, -1/59 HPs)
             Began as a Human Fighter on Jan 25, 2024.
             Was a Believer of Hepliaklqana.
             Slain by Jingleheimer's ghost (12 damage)
             ... on level 7 of the Dungeon.
             The game lasted 00:23:13 (7069 turns).

HakonGodeson the Chopper (Human Fighter)            Turns: 7069, Time: 00:23:13

Health: -1/59      AC:  7    Str: 17    XL:     9   Next: 52%
Magic:  12/12      EV: 10    Int: 12    God:    Hepliaklqana [**....]
Gold:   177        SH:  5    Dex: 13    Spells: 13/13 levels left

rFire   . . .        j - +2 war axe "Zoeshus" {pain, *Noise rPois rC+++ Will++}
rCold   + + +        c - +0 buckler
rNeg    . . .        b - +0 scale mail
rPois   +            (no helmet)
rElec   .            (no cloak)
rCorr   .            (no gloves)
SInv    .            (no boots)
Will    ++...        x - amulet of the acrobat
Stlth   +            (no ring)
HPRegen 0.29/turn    (no ring)
MPRegen 0.13/turn

%: acrobat
@: mighty
A: reduced essence, explore regen
a: Renounce Religion, Recall Ancestor, Ancestor Identity


You were on level 7 of the Dungeon.
You worshipped Hepliaklqana.
Hepliaklqana was pleased with you.
You visited 2 branches of the dungeon, and saw 8 of its levels.

You collected 441 gold pieces.
You spent 264 gold pieces at shops.

Inventory:

Hand Weapons
 a - a +0 war axe of chaos
 j - the +2 war axe "Zoeshus" (weapon) {pain, *Noise rPois rC+++ Will++}
   (You took it off an orc priest on level 3 of the Dungeon)

   rC+++:     It renders you almost immune to cold.
   rPois:     It protects you from poison Will++: It greatly increases your
   willpower.
   *Noise:    It may make a loud noise when swung.
Missiles
 g - 7 boomerangs (quivered)
 t - 5 curare-tipped darts
Armour
 b - a +0 scale mail (worn)
 c - a +0 buckler (worn)
Jewellery
 x - an amulet of the acrobat (around neck)
Wands
 d - a wand of polymorph (5)
 r - a wand of paralysis (7)
Scrolls
 l - 3 scrolls of noise
 m - 2 scrolls of vulnerability
 n - a scroll of fear
 o - 2 scrolls of poison
 p - 2 scrolls of immolation
 s - a scroll of revelation
 u - 2 scrolls of fog
Potions
 f - a potion of lignification
 h - 3 potions of enlightenment
 i - 2 potions of attraction
 k - a potion of resistance
 q - a potion of magic
 w - a potion of might


   Skills:
 * Level 4.5 Fighting
 * Level 6.6 Axes
 * Level 3.1 Throwing
 * Level 5.3 Armour
 * Level 2.9 Dodging
 * Level 3.7 Stealth
 * Level 4.5 Shields
 * Level 2.5 Spellcasting
 * Level 2.9 Necromancy
 * Level 2.5 Invocations
 * Level 2.7 Evocations


You had 13 spell levels left.
You didn't know any spells.
Your spell library contained the following spells:

 Spells                   Type           Power      Damage    Failure   Level
 Freeze                   Ice            4%         1d3       71%         1
 Blink                    Tloc           2%         N/A       83%         2
 Lesser Beckoning         Tloc           2%         N/A       83%         2
 Momentum Strike          Conj/Tloc      2%         3d8       83%         2
 Frozen Ramparts          Ice            2%         1d1       97%         3
 Hailstorm                Conj/Ice       1%         3d5       97%         3


Dungeon Overview and Level Annotations

Branches:
Dungeon (7/15)             Temple (1/1) D:4

Altars:
Ashenzari
Cheibriados
Dithmenos
Elyvilon
Fedhas
Hepliaklqana
Kikubaaqudgha
Makhleb
Nemelex Xobeh
Okawaru
Ru
Sif Muna
Trog
Uskayaw
Vehumet
Wu Jian
Xom
Yredelemnul

Shops:
D:2 ?   D:7 =(=

Annotations:
D:7 Jingleheimer's ghost, novice AtFi; scisormetimb3rs's ghost, novice OpEE


Innate Abilities, Weirdness & Mutations

Your life essence is reduced to manifest your ancestor. (-10% HP)
You regain HP and MP as you explore.


Message History

The shadow imp shouts!
Jingleheimer's ghost turns its malevolent gaze towards you.
You swap places.
Throw: 7 boomerangs
Press: ? - help, Q - select action, (/) - cycle Shift-Dir - straight line, f - Jingleheimer's ghost
Aim: Jingleheimer's ghost (73% to hit)
You throw a boomerang.
The boomerang hits Jingleheimer's ghost but does no damage.
You feel very mighty all of a sudden.
Ragnar hits Jingleheimer's ghost but does no damage.
You hit Jingleheimer's ghost.
Jingleheimer's ghost is lightly damaged.
Jingleheimer's ghost hits you!
You slash Jingleheimer's ghost!
Jingleheimer's ghost is lightly damaged.
Ragnar barely misses Jingleheimer's ghost.
Jingleheimer's ghost hits you!
You barely miss Jingleheimer's ghost.
Jingleheimer's ghost is lightly damaged.
Jingleheimer's ghost hits you!
Ragnar barely misses Jingleheimer's ghost.
You hit Jingleheimer's ghost.
Jingleheimer's ghost is moderately damaged.
Jingleheimer's ghost hits you!
* * * LOW HITPOINT WARNING * * *
Ragnar barely misses Jingleheimer's ghost.
Jingleheimer's ghost closely misses you.
You closely miss Jingleheimer's ghost.
Jingleheimer's ghost is moderately damaged.
Jingleheimer's ghost barely misses you.
You barely miss Jingleheimer's ghost.
Jingleheimer's ghost is lightly damaged.
Ragnar barely misses Jingleheimer's ghost.
Jingleheimer's ghost hits you.
* * * LOW HITPOINT WARNING * * *
Unknown command.
You feel better.
Ragnar hits Jingleheimer's ghost but does no damage.
Jingleheimer's ghost hits you!
You die...

#.......#.# ####...#....8##..
#.......#.#######.....#.....[#..
######............#...R.....♣##.
#..........###...'....[⌠ #.
#...........###..'.....♣ ##
#.#..######.###..#.....? ##
#.#..######......#....8# #.
#.#........R.#..##♣⌠♣.####.
#.#.#.....@W.##.#######....
#...#........##.....####.#.
##..#.........####.........
##...###.###..###..####.##
#....##.####..###.## #...
######. ♣..#.###..#
#.......####. ♣..#.# ##.#
#####.#...#.. ### ##P♣♣#.# #.##
###.#......


You could see the friendly Ragnar the knight and Jingleheimer's ghost (ally
target).

Vanquished Creatures
  A shadow (D:7)
  4 water moccasins
  Duvessa (D:4)
  2 kobold brigands
  A phantom (D:4)
  3 scorpions
  2 bombardier beetles (D:4)
  5 orc priests
  2 hounds
  2 iguanas
  Ijyb (D:3)
  3 orc wizards
  8 gnolls
  8 adders
  A shadow imp (D:7)
  A white imp (D:6)
  2 ribbon worms (D:2)
  A dart slug (D:2)
  21 orcs
  6 ball pythons
  9 endoplasms
  3 giant cockroaches
  7 goblins
  10 hobgoblins
  2 jackals (D:4)
  22 kobolds
  2 quokkas
  6 bats
  5 frilled lizards
  4 rats
145 creatures vanquished.

Vanquished Creatures (collateral kills)
  A hornet (D:7)
  A wraith (D:7)
  A black bear (D:5)
  An electric eel (D:7)
  A jelly (D:6)
  3 hounds
  2 orc priests
  An orc wizard (D:5)
  An adder (D:5)
  A shadow imp (D:5)
  4 orcs
  A kobold (D:6)
18 creatures vanquished.

Grand Total: 163 creatures vanquished

Notes
Turn   | Place    | Note
-------+----------+-------------------------------------------
     0 | D:1      | HakonGodeson the Human Fighter began the quest for the Orb.
     0 | D:1      | Reached XP level 1. HP: 18/18 MP: 1/1
   155 | D:1      | Reached XP level 2. HP: 22/24 MP: 2/2
   398 | D:2      | Reached XP level 3. HP: 29/29 MP: 3/3
   442 | D:2      | Found Liwinnuvy's Magic Scroll Shop.
   459 | D:2      | Bought a scroll of identify for 24 gold pieces
   459 | D:2      | Bought a scroll of identify for 24 gold pieces
   459 | D:2      | Bought a scroll of identify for 24 gold pieces
   735 | D:3      | Noticed Ijyb
   736 | D:3      | Identified the +2 war axe "Zoeshus" {pain, *Noise rPois
                  | rC+++ Will++}
   744 | D:3      | Reached skill level 1 in Stealth
   744 | D:3      | Reached XP level 4. HP: 26/35 MP: 4/4
   748 | D:3      | Killed Ijyb
   749 | D:3      | Reached skill level 3 in Axes
   749 | D:3      | Reached skill level 1 in Dodging
   783 | D:3      | Reached skill level 1 in Throwing
   849 | D:4      | Reached XP level 5. HP: 41/41 MP: 5/5
   876 | D:4      | Found a staircase to the Ecumenical Temple.
   905 | D:4      | Noticed a phantom
   919 | D:4      | Killed a phantom
   946 | D:4      | Reached XP level 6. HP: 28/47 MP: 6/6
  1016 | D:4      | Reached skill level 4 in Axes
  1272 | D:4      | Reached skill level 1 in Spellcasting
  1272 | D:4      | Reached skill level 1 in Necromancy
  1272 | D:4      | Reached skill level 1 in Evocations
  1272 | D:4      | Reached XP level 7. HP: 27/52 MP: 8/8
  1596 | D:4      | Noticed Dowan
  1603 | D:4      | Noticed Duvessa
  1620 | D:4      | Killed Duvessa
  1622 | D:4      | Dowan changed into Dowan the scorpion
  1622 | D:4      | Noticed Dowan
  1625 | D:4      | Killed Dowan the scorpion
  1626 | D:4      | Reached skill level 5 in Axes
  1926 | Temple   | Entered the Ecumenical Temple
  1946 | Temple   | Became a worshipper of Hepliaklqana the Forgotten
  3942 | D:2      | Bought a scroll of poison for 48 gold pieces
  3942 | D:2      | Bought a scroll of immolation for 48 gold pieces
  3942 | D:2      | Bought a scroll of identify for 24 gold pieces
  3942 | D:2      | Bought a scroll of identify for 24 gold pieces
  3942 | D:2      | Bought a scroll of vulnerability for 48 gold pieces
  3998 | D:5      | Entered Level 5 of the Dungeon
  4011 | D:5      | Reached XP level 8. HP: 26/60 MP: 10/10
  4027 | D:5      | Identified the +7 whip of the Lamprey {venom, Int+4}
  4388 | D:5      | Reached * piety under Hepliaklqana
  4497 | D:5      | Reached skill level 1 in Invocations
  4936 | D:6      | Noticed a +0 spear
  4937 | D:6      | Noticed a +0 spear
  4938 | D:6      | Noticed a +0 falchion
  4938 | D:6      | Noticed a +0 dagger
  4938 | D:6      | Noticed a +0 dagger
  4939 | D:6      | Noticed a +0 short sword
  4939 | D:6      | Noticed a +0 falchion
  4940 | D:6      | Noticed a +0 short sword
  4943 | D:6      | Found a hide-covered altar of Uskayaw.
  5257 | D:6      | Reached skill level 6 in Axes
  5425 | D:6      | Reached XP level 9. HP: 58/58 MP: 12/12
  5684 | D:6      | Reached skill level 5 in Armour
  6015 | D:7      | Noticed a hornet
  6027 | D:7      | Killed a hornet
  6239 | D:7      | Found a runed translucent gate.
  6239 | D:7      | Found a runed translucent gate.
  6240 | D:7      | Found a runed translucent gate.
  6246 | D:7      | Noticed Jingleheimer's ghost (novice AtFi)
  6247 | D:7      | Noticed scisormetimb3rs's ghost (novice OpEE)
  6247 | D:7      | Found the +0 toga "Victory" {*Victory Clar}
  6635 | D:7      | Reached ** piety under Hepliaklqana
  6636 | D:7      | Remembered your ancestor Ragnar as a knight
  6706 | D:7      | Found Kuwouk's Jewellery Boutique.
  6718 | D:7      | Found Bomu Uso's Antique Weapon Shoppe.
  6720 | D:7      | Found Ynudih's Jewellery Boutique.
  7068 | D:7      | HP: 2/59 [Jingleheimer's ghost (5)]
  7069 | D:7      | Slain by Jingleheimer's ghost

Illustrated notes

Levels and vault maps discovered:
D:1:      eino_arrival_tree_alley, layout_rooms, serial_forest,
          infiniplex_forest_lined_corner, infiniplex_forest_clump_tiny,
          infiniplex_forest_corner_1, infiniplex_forest_clump_medium,
          infiniplex_forest_straight_5, infiniplex_forest_straight_2,
          infiniplex_forest_zigzag_1, infiniplex_forest_lined_2,
          infiniplex_forest_straight_4, infiniplex_forest_corner_1
D:2:      minmay_evil_eye, layout_basic, serial_shops, shop_statue,
          serial_curves, eino_curves_02, eino_curves_04, serial_park_tiny_pond,
          eino_curves_01, hex_medium, minmay_misc_feat_rugged,
          grunt_decor_arrowhead
D:3:      layout_basic, serial_corexii_hall, corexii_hall_statues_s,
          corexii_hall_statues_i, corexii_hall_statues_u,
          chequers_hall_statues_wall_a, uniq_ijyb
D:4:      cheibrodos_thug_alley, layout_basic, minmay_temple_entry_mini_moons,
          mainiacjoe_sewer_entry_somewhere_in_here_1, minmay_hedge_maze,
          uniq_duvessa
D:5:      layout_loops_cross, serial_library_hellmonk_open_square
D:6:      layout_loops_ring, nicolae_uskayaw_en_pointe
D:7:      layout_rooms, gammafunk_ghost_cemetery, nicolae_wooded_promenade,
          st_stairs_14, minmay_holes, serial_library_regret_index_small_wings,
          wad_woods_river_04, nicolae_fountain_basement
Temple:   nicolae_temple_bog_church

Skill      XL: |  1  2  3  4  5  6  7  8  9 |
---------------+----------------------------+-----
Stealth        | 1 2 3 |  3.7
Axes           | 3 4 5 6 |  6.6
Dodging        | 1 2 |  2.9
Throwing       | 1 2 3 |  3.1
Armour         | 4 5 |  5.3
Spellcasting   | 1 2 |  2.5
Necromancy     | 1 2 |  2.9
Evocations     | 1 2 |  2.7
Shields        | 4 |  4.5
Invocations    | 1 2 |  2.5
Fighting       | 4 |  4.5

Action                     |  1- 3 |  4- 6 |  7- 9 || total
---------------------------+-------+-------+-------++-------
  Melee: War axe           |    73 |    88 |   267 ||   428
  Throw: Javelin           |     4 |     6 |    26 ||    36
         Boomerang         |       |       |    39 ||    39
 Invoke: Ancestor Identity |       |       |     1 ||     1
         Recall Ancestor   |       |       |     1 ||     1
         Ancestor Life: Kn |       |       |     1 ||     1
  Evoke: Wand              |       |       |     2 ||     2
    Use: Scroll            |     5 |     2 |    11 ||    18
         Potion            |     1 |     2 |    11 ||    14
   Stab: Invisible         |       |       |     2 ||     2
 Armour: Scale mail        |    62 |    79 |   220 ||   361
  Dodge: Dodged            |    33 |    39 |   145 ||   217
  Block: Buckler           |    17 |    16 |    48 ||    81
